 Dungeon Crawl Stone Soup version 0.28-a0-1374-ga75cb3825e (webtiles) character file.

Game seed: 16772930428163743853

24 lessens the Cutter (level 3, 0/23 HPs)
             Began as a Kobold Abyssal Knight on Dec 31, 2021.
             Was a Follower of Lugonu.
             Slain by Terence (2 damage)
             ... on level 2 of the Dungeon.
             The game lasted 00:01:32 (1643 turns).

lessens the Cutter (Kobold Abyssal Knight)          Turns: 1643, Time: 00:01:33

Health: 0/23       AC:  4    Str: 12    XL:     3   Next: 15%
Magic:  4/4        EV: 13    Int: 11    God:    Lugonu [*.....]
Gold:   68         SH:  4    Dex: 13    Spells: 2/2 levels left

rFire   . . .      SeeInvis .   a - +1 short sword
rCold   . . .      Faith    .   k - +0 buckler
rNeg    . . .      Spirit   .   b - +0 leather armour
rPois   +          Reflect  .   (no helmet)
rElec   .          Harm     .   (no cloak)
rCorr   .          Rampage  .   h - +0 pair of gloves
Will    .....                   (no boots)
Stlth   ++........              (no amulet)
HPRegen 0.07/turn               (no ring)
MPRegen 0.09/turn               (no ring)

@: brilliant
A: small, no large weapons, nightstalker 3, clumsy 1, deterioration 1, poison
resistance, subdued magic 1
a: Renounce Religion, Depart the Abyss


You were on level 2 of the Dungeon.
You worshipped Lugonu.
Lugonu was aware of your devotion.
You visited 1 branch of the dungeon, and saw 2 of its levels.
You visited the Abyss 1 time.

You collected 68 gold pieces.

Inventory:

Hand Weapons
 a - a +1 short sword (weapon)
Missiles
 c - 34 stones
Armour
 b - a +0 leather armour (worn)
 h - a +0 pair of gloves (worn)
 k - a +0 buckler (worn)
Scrolls
 f - a scroll of summoning {unknown}
 g - a scroll of enchant armour {unknown}
 i - a scroll of vulnerability {unknown}
 l - a scroll of holy word {unknown}
 m - a scroll of immolation {unknown}


   Skills:
 - Level 3.2 Fighting
 + Level 4.5 Short Blades
 - Level 0.7 Armour
 - Level 2.4 Dodging
 - Level 2.0 Invocations


You had 2 spell levels left.
You didn't know any spells.
Your spell library was empty.

Dungeon Overview and Level Annotations

Branches:
Dungeon (2/15)

Altars:

Annotations:
D:2 Terence


Innate Abilities, Weirdness & Mutations

You are small and have problems with some larger weapons.
You are completely attuned to the shadows.
You are clumsy. (Dex -2)
Your body sometimes deteriorates upon taking damage.
Your system is resistant to poisons. (rPois)
Your spells are a little easier to cast, but a little less powerful.


Message History

You hit Terence but do no damage.
Terence is heavily wounded.
The giant cockroach misses you.
Terence hits you with a +4 hand axe of freezing.
Terence freezes you.
You completely miss Terence.
Terence is heavily wounded.
The giant cockroach misses you.
Terence hits you with a +4 hand axe of freezing.
Terence freezes you.
The giant cockroach completely misses you.
You are too injured to fight recklessly!
You are too injured to fight recklessly!
You are too injured to fight recklessly!
You are too injured to fight recklessly!
The giant cockroach closely misses you.
The giant cockroach bites you but does no damage.
You hit Terence but do no damage.
Terence is heavily wounded.
Terence closely misses you.
You hit Terence but do no damage.
Terence is heavily wounded.
Terence hits you with a +4 hand axe of freezing.
Terence freezes you.
* * * LOW HITPOINT WARNING * * *
You hit Terence.
Terence is heavily wounded.
Terence barely misses you.
It was a potion of brilliance.
You feel clever all of a sudden. Terence misses you.
It was a potion of magic.
Magic courses through your body.
Terence drinks a potion.
Terence is healed!
It was a potion of mutation.
You feel extremely strange.
Your connection to magic feels subdued.
You feel yourself wasting away.
You feel clumsy.
You feel resistant to poisons.
Terence hits you with a +4 hand axe of freezing.
* * * LOW HITPOINT WARNING * * *
Terence freezes you.
You die...

##.###### #...<....
#.####### .. ####.#
...# #....# ####...##
#.##.# #.........
#.#### #......... #.#
####........
#.#≈≈≈g≈≈≈#.@@B.....###
#.#.≈≈≈≈≈≈#.#####......
#.#......≈#.# #...##.
#.#.....).#.# #####
#.#.......#.#
#.#.......#.#
#...........#
#############


You could see Terence and a giant cockroach.

Vanquished Creatures
  A dart slug (D:1)
  3 ball pythons (D:1)
  An endoplasm (D:1)
  A giant cockroach (D:1)
  3 goblins
  2 hobgoblins (D:1)
  2 kobolds (D:1)
  2 quokkas (D:1)
  A bat (D:1)
  2 frilled lizards (D:1)
  2 rats (D:1)
20 creatures vanquished.

Vanquished Creatures (others)
  2 starspawn tentacles (Abyss:1)
2 creatures vanquished.

Grand Total: 22 creatures vanquished

Notes
Turn   | Place    | Note
-------+----------+-------------------------------------------
     0 | Abyss:1  | lessens the Kobold Abyssal Knight began the quest for the
                  | Orb.
     0 | Abyss:1  | Reached XP level 1. HP: 14/14 MP: 2/2
    24 | Abyss:1  | Noticed a tentacled starspawn
    31 | D:1      | Escaped the Abyss
   105 | D:1      | Reached skill level 3 in Short Blades
   288 | D:1      | Reached XP level 2. HP: 19/19 MP: 3/3
   461 | D:1      | Reached skill level 4 in Short Blades
   606 | D:1      | Reached * piety under Lugonu
   800 | D:1      | Found a faded altar of an unknown god.
  1023 | D:1      | Reached XP level 3. HP: 23/23 MP: 4/4
  1625 | D:2      | Noticed Terence
  1643 | D:2      | Gained mutation: Your spells are a little easier to cast,
                  | but a little less powerful. [potion of mutation]
  1643 | D:2      | Gained mutation: Your body sometimes deteriorates upon
                  | taking damage. [potion of mutation]
  1643 | D:2      | Gained mutation: You are clumsy. (Dex -2) [potion of
                  | mutation]
  1643 | D:2      | Gained mutation: Your system is resistant to poisons.
                  | (rPois) [potion of mutation]
  1643 | D:2      | Slain by Terence

Illustrated notes

Levels and vault maps discovered:
D:1:      dpeg_arrival_tiny_k, layout_basic,
          hellmonk_ecumenical_altar_crossroads, minmay_tromino_i4
D:2:      layout_loops_ring, basic_altar, minmay_goblin_outpost,
          uniq_crazy_yiuf_cottage, uniq_terence, uniq_sigmund

Skill      XL: |  1  2 |
---------------+-------+-----
Short Blades   | 3 4 |  4.5
Fighting       | |  3.2
Armour         | |  0.7
Dodging        | |  2.4
Invocations    | |  2.0

Action                   || total
-------------------------++-------
Melee: Short sword       ||    50
Invok: Depart the Abyss  ||     1
  Use: Potion            ||     3
 Stab: Sleeping          ||     8
Armor: Leather armour    ||     1
Dodge: Dodged            ||    31
Block: Buckler           ||     3

Table legend: (Time is in decaauts)
 A = Elapsed time spent in this place.
 B = Non-inter-level travel time spent in this place.
 C = Inter-level travel time spent in this place.
 D = Time resting spent in this place.
 E = Time spent auto-exploring this place.
 F = Levels seen in this place.
 G = Mean time per level.
                   A        B        C        D        E       F      G
               +--------+--------+--------+--------+--------+-----+--------+
         Total |   1639 |   1591 |     48 |      0 |   1378 |   3 |  546.3 |
       Dungeon |   1608 |   1560 |     48 |      0 |   1378 |   2 |  804.0 |
         Abyss |     31 |     31 |      0 |      0 |      0 |   1 |   31.0 |
               +--------+--------+--------+--------+--------+-----+--------+

Top non-repeatable levels by time:
     D:1: 1542 daAuts
     D:2: 66 daAuts
 Abyss:1: 31 daAuts
